 Dungeon Crawl Stone Soup version 0.29-a0-414-g5075937ec3 (webtiles) character file.

Game seed: 8779853714167194919

112 101zpm the Insei (level 5, 0/37 HPs)
             Began as a Djinni Transmuter on May 15, 2022.
             Slain by Pargi (2 damage)
             ... on level 3 of the Dungeon.
             The game lasted 00:12:18 (3698 turns).

101zpm the Insei (Djinni Transmuter)                Turns: 3698, Time: 00:12:19

Health: 0/37       AC:  4    Str:  9    XL:     5   Next: 16%
Gold:   78         EV: 13    Int: 22    God:
                   SH:  0    Dex: 14

rFire   + + +      SeeInvis .   d - staff of fire
rCold   x . .      Faith    .   (no shield)
rNeg    . . .      Spirit   .   m - +2 robe {Archmagi}
rPois   ∞          Reflect  .   (no helmet)
rElec   .          Harm     .   j - scarf {shadows}
rCorr   .          Rampage  .   (no gloves)
Will    .....      Archmagi +   (boots unavailable)
Stlth   ++........              (no amulet)
HPRegen 0.12/turn               o - +6 ring of intelligence
MPRegen 0.00/turn               (no ring)

@: mighty, flying
A: sickness immunity, fire resistance 2, cold vulnerability 1, float, innate
caster, HP casting, extra vitality 1
a: no special abilities


You were on level 3 of the Dungeon.
You visited 1 branch of the dungeon, and saw 4 of its levels.

You collected 78 gold pieces.

Inventory:

Missiles
 k - 48 stones
Armour
 j - a scarf of shadows (worn)
 m - a +2 robe of the Archmagi (worn)
Magical Staves
 d - a staff of fire (weapon)
Jewellery
 o - a +6 ring of intelligence (left hand)
Scrolls
 c - 2 scrolls of vulnerability {unknown}
 e - a scroll of summoning {unknown}
 f - 3 scrolls of identify {unknown}
 i - a scroll of noise {unknown}
 n - a scroll of enchant armour {unknown}
Potions
 a - a potion of flight {unknown}
 b - a potion of lignification
 g - a potion of mutation {unknown}
 h - a potion of haste {unknown}
 l - 2 potions of might


   Skills:
 + Level 1.4 Fighting
 + Level 1.3 Staves
 + Level 2.9 Dodging
 + Level 1.0 Stealth
 + Level 3.3 Unarmed Combat
 + Level 2.6 Spellcasting


You couldn't memorise any spells.
You knew the following spells:

 Your Spells              Type           Power      Damage    Failure   Level
a - Beastly Appendage     Tmut           42%        N/A       4%          1
b - Wereblood             Tmut           21%        N/A       7%          2
c - Spider Form           Tmut/Pois      21%        N/A       13%         3
d - Ice Form              Ice/Tmut       21%        N/A       41%         4
e - Sandblast             Erth           42%        2d11      4%          1
f - Static Discharge      Conj/Air       21%        N/A       7%          2
Your spell library was empty.

Dungeon Overview and Level Annotations

Branches:
Dungeon (4/15)
 Temple: D:4-7

Altars:

Shops:
D:3 [

Annotations:
D:3 Pargi


Innate Abilities, Weirdness & Mutations

You are immune to sickness and miasma.
You are immune to poison.
Your flesh is very heat resistant. (rF++)
You are vulnerable to cold. (rC-)
You float through the air rather than walking.
You learn spells naturally, not from books.
Your magical power is your life essence.
You have superior vitality. (+4 MHP)


Message History

Pargi attacks as you move away! Pargi misses you.
Pargi claws you but does no damage. Pargi claws you.
* * * LOW HITPOINT WARNING * * *
Pargi attacks as you move away! Pargi bites you.
* * * LOW HITPOINT WARNING * * *
Pargi claws you.
* * * LOW HITPOINT WARNING * * *
Pargi barely misses you. Pargi attacks as you move away!
Pargi barely misses you. Pargi misses you. Pargi completely misses you.
Pargi attacks as you move away! Pargi completely misses you. x2
Pargi misses you. Pargi attacks as you move away! Pargi bites you.
* * * LOW HITPOINT WARNING * * *
Pargi barely misses you. x2
You see here a +0 club.
There is a stone staircase leading up here.
Pargi snarls, "Go!
Away!"
Pargi hisses menacingly.
Your transformation is almost over.
Your primal bloodlust is almost over.
Pargi attacks as you move away! Pargi barely misses you. x2
Pargi claws you but does no damage. Pargi attacks as you move away!
Pargi closely misses you. Pargi claws you.
* * * LOW HITPOINT WARNING * * *
Pargi misses you.
Pargi looks more healthy.
Your transformation has ended.
Your staff of fire unmelds from your body.
Your scarf of shadows unmelds from your body.
Your +2 robe of the Archmagi unmelds from your body.
It gets dark.
You feel powerful.
Pargi looks around nervously.
Pargi attacks as you move away! Pargi bites you.
* * * LOW HITPOINT WARNING * * *
Pargi misses you. Pargi claws you but does no damage.
Okay, then.
It was a potion of might.
You feel very mighty all of a sudden.
Your primal bloodlust has ended.
Pargi bites you but does no damage. Pargi claws you.
You die...

# #.#
#.####.#
#.#....#
###......#
#.###.####
#.# #.# #.#
#.#
#.###T####
#....@...#
#####<##.#
#.##.#
#.##.#
#.##.#
#####.##.#
.........)#
####.....>#
..[......#


You could see Pargi.

Vanquished Creatures
  A hound (D:4)
  3 adders (D:2)
  A worm (D:2)
  A dart slug (D:2)
  5 bats
  8 endoplasms
  4 giant cockroaches (D:1)
  5 goblins
  5 hobgoblins
  A kobold (D:1)
  7 ball pythons
  A frilled lizard (D:1)
  4 rats
46 creatures vanquished.

Notes
Turn   | Place    | Note
-------+----------+-------------------------------------------
     0 | D:1      | 101zpm the Djinni Transmuter began the quest for the Orb.
     0 | D:1      | Reached XP level 1. HP: 17/17 MP: 0/0
   277 | D:1      | Reached XP level 2. HP: 21/22 MP: 0/0
   986 | D:1      | Found a faded altar of an unknown god.
   992 | D:1      | Reached XP level 3. HP: 26/27 MP: 0/0
   992 | D:1      | Learned a level 1 spell: Sandblast
  1956 | D:4      | Reached skill level 1 in Stealth
  1956 | D:4      | Reached XP level 4. HP: 26/32 MP: 0/0
  2279 | D:3      | Noticed Pargi
  2953 | D:2      | Reached skill level 1 in Staves
  3311 | D:2      | Reached XP level 5. HP: 31/37 MP: 0/0
  3311 | D:2      | Learned a level 2 spell: Static Discharge
  3661 | D:3      | Found Kodaqunou's Antique Armour Boutique.
  3698 | D:3      | Slain by Pargi

Illustrated notes

Levels and vault maps discovered:
D:1:      dpeg_arrival_arbitrary_a, layout_loops_ring,
          shapermc_ecumenical_altar_starsandcircs
D:2:      layout_rooms, minmay_fractal_squares_gapless_5
D:3:      minmay_evil_eye, layout_loops_ring, gammafunk_temple_of_torment,
          nicolae_sif_muna_little_library, mainiacjoe_overflow_alcove_2,
          serial_shops, nicolae_shop_advertising_works
          [nicolae_subvault_shop_adworks], nicolae_shop_bloodbath_and_beyond,
          minmay_puff, uniq_pargi
D:4:      minmay_door_path, layout_basic, tgw_trog, ebering_ghost_inner_flame

Skill      XL: |  1  2  3  4 |
---------------+-------------+-----
Stealth        | 1 |  1.0
Spellcasting   | 2 |  2.6
Staves         | 1 |  1.3
Fighting       | |  1.4
Dodging        | |  2.9
Unarmed Combat | |  3.3

Action                   |  1- 3 |  4- 6 || total
-------------------------+-------+-------++-------
Melee: Unarmed           |    33 |    16 ||    49
       Headbutt          |    12 |     3 ||    15
       Staff             |    64 |    52 ||   116
       Punch             |     5 |     3 ||     8
 Cast: Beastly Appendage |    34 |    21 ||    55
       Wereblood         |     4 |    11 ||    15
       Spider Form       |     1 |     3 ||     4
       Sandblast         |       |    19 ||    19
       Static Discharge  |       |     2 ||     2
  Use: Potion            |       |     1 ||     1
 Stab: Sleeping          |     1 |     1 ||     2
Armor: Robe              |    27 |    16 ||    43
       Skin              |       |     3 ||     3
Dodge: Dodged            |    62 |    82 ||   144

Table legend: (Time is in decaauts)
 A = Elapsed time spent in this place.
 B = Non-inter-level travel time spent in this place.
 C = Inter-level travel time spent in this place.
 D = Time resting spent in this place.
 E = Time spent auto-exploring this place.
 F = Levels seen in this place.
 G = Mean time per level.
                   A        B        C        D        E       F      G
               +--------+--------+--------+--------+--------+-----+--------+
         Total |   3718 |   3566 |    152 |    742 |   2266 |   4 |  929.5 |
       Dungeon |   3718 |   3566 |    152 |    742 |   2266 |   4 |  929.5 |
               +--------+--------+--------+--------+--------+-----+--------+

Top non-repeatable levels by time:
     D:1: 1893 daAuts
     D:2: 1425 daAuts
     D:4: 214 daAuts
     D:3: 185 daAuts
